 Dungeon Crawl Stone Soup version 0.24-a0-278-gefa1973 (webtiles) character file.

Game seed: 13848996783264892040

38 Ijustatesigmund the Skirmisher (level 3, -3/26 HPs)
             Began as an Octopode Fighter on Apr 30, 2019.
             Slain by an orc priest
             ... wielding a +0 mace
              (7 damage)
             ... on level 2 of the Dungeon.
             The game lasted 00:02:10 (1029 turns).

Ijustatesigmund the Skirmisher (Octopode Fighter)   Turns: 1029, Time: 00:02:11

Health: -3/26      AC: -2    Str: 15    XL:     3   Next: 43%
Magic:  3/3        EV: 11    Int: 10    God:
Gold:   25         SH:  8    Dex: 12    Spells: 2/2 levels left

rFire    . . .     SeeInvis .   a - +0 flail
rCold    . . .     Gourm    .   b - +0 shield
rNeg     . . .     Faith    .   (helmet restricted)
rPois    .         Spirit   .   (no amulet)
rElec    .         Reflect  .   e - ring of teleportation (curse)
rCorr    .         Harm     .   h - -3 ring of protection (curse)
MR       .....     Rnd*Tele +   (no ring)
Stlth    ++........             (no ring)
HPRegen  0.08/turn              (no ring)
MPRegen  0.08/turn              (no ring)
                                (no ring)
                                (no ring)

@: no status effects
A: almost no armour, stealthy swim, amphibious, 8 rings, constrict 8, camouflage
1, gelatinous body 1
a: no special abilities


You were on level 2 of the Dungeon.
You were not hungry.

You visited 1 branch of the dungeon, and saw 2 of its levels.

You collected 25 gold pieces.

Inventory:

Hand Weapons
 a - a +0 flail (weapon)
Armour
 b - a +0 shield (worn)
Jewellery
 e - a cursed ring of teleportation (left tentacle)
 h - a cursed -3 ring of protection (right tentacle)
Scrolls
 i - 3 scrolls of identify
Potions
 c - 2 potions of might
 f - a potion of flight
Comestibles
 d - 4 rations


   Skills:
 + Level 3.4 Fighting
 * Level 3.2 Maces & Flails
 - Level 3.0 Dodging
 - Level 3.0 Shields


You had 2 spell levels left.
You didn't know any spells.
Your spell library was empty.

Dungeon Overview and Level Annotations

Branches:
Dungeon (2/15)

Altars:


Innate Abilities, Weirdness & Mutations

You cannot wear most types of armour.
You are very stealthy in the water. (Stealth+)
You are amphibious.
You can wear up to eight rings at the same time.
You can use your tentacles to constrict eight enemies at once.
Your skin changes colour to match your surroundings (Stealth+).
Your rubbery body absorbs attacks. (AC +1, EV +1)


Message History

You are too injured to fight recklessly!
You are too injured to fight recklessly!
You are too injured to fight recklessly!
You are too injured to fight recklessly!
You are too injured to fight recklessly!
You are too injured to fight recklessly!
You are too injured to fight recklessly!
Unknown command.
You feel better.
You constrict the orc.
You kill the orc!
You block the bat's attack. The orc priest hits you with a +0 mace.
You hit the orc priest. Your grab misses the orc priest.
The orc priest is lightly wounded.
The bat hits you. The orc priest hits you with a +0 mace!
* * * LOW HITPOINT WARNING * * *
You barely miss the orc priest. Your grab misses the orc priest.
Your squeeze misses the orc priest.
The orc priest is lightly wounded.
The dart slug misses you. The orc priest hits you with a +0 mace!
You die...

.. .# ##.####.# ...##...
...#...#### #......#
#####.#......# #......#
#........###.# #......#
#..........#.# #......#.
#.....##...#.###........
#.....##...#...#ow......
#.....#.....##'#@.......
...####.....#...b.......
...# #.....#....#######
.).# #.....#....# ...#
#.....+..... ...#
#.....##.....
...#######...#......
.........###.#.......
#........ #........


You could see an orc priest, a dart slug and a bat.

Vanquished Creatures
  A worm (D:2)
  A dart slug (D:1)
  A leopard gecko (D:1)
  3 orcs (D:2)
  3 bats (D:1)
  A giant cockroach (D:1)
  6 goblins
  2 hobgoblins
  3 jackals (D:1)
  A frilled lizard (D:1)
  A kobold (D:1)
  2 rats (D:1)
25 creatures vanquished.

Notes
Turn   | Place    | Note
-------+----------+-------------------------------------------
     0 | D:1      | Ijustatesigmund the Octopode Fighter began the quest for
                  | the Orb.
     0 | D:1      | Reached XP level 1. HP: 16/16 MP: 1/1
    56 | D:1      | Reached XP level 2. HP: 18/21 MP: 2/2
   858 | D:2      | Reached XP level 3. HP: 24/26 MP: 3/3
  1029 | D:2      | Slain by an orc priest

Levels and vault maps discovered:
D:1:      saegor_arrival_miasma, layout_basic
D:2:      layout_basic

Skill      XL: |  1  2 |
---------------+-------+-----
Maces & Flails | 3 |  3.2
Fighting       | |  3.4
Dodging        | |  3.0
Shields        | |  3.0

Action                   || total
-------------------------++-------
Melee: Flail             ||    48
       Constrict         ||    13
       Tentacles         ||     6
  Use: Scroll            ||     4
       Potion            ||     1
 Stab: Sleeping          ||     3
Armor: Skin              ||     4
Dodge: Dodged            ||    20
Block: Shield            ||    21

Table legend:
 A = Non-vault XP
 B = Vault XP
 C = Vault XP percentage of total XP
 D = Non-vault monster count
 E = Vault monster count
 F = Vault count percentage of total count
                 A         B        C        D         E       F
            +---------+---------+-------+---------+---------+-------
      Total |      55 |       0 |   0.0 |      25 |       0 |   0.0
            +---------+---------+-------+---------+---------+-------
        D:1 |      33 |       0 |   0.0 |      17 |       0 |   0.0
        D:2 |      22 |       0 |   0.0 |       8 |       0 |   0.0
            +---------+---------+-------+---------+---------+-------
